Map: [ESL] Inside and Out

Players

trigger

  • Race: Protoss Protoss
  • Spawn Location: 1:00

Scarlett - Winner!

  • Race: Zerg Zerg
  • Spawn Location: 7:00

Event: DreamHack SC2 Masters 2022 Atlanta (Online)

VOD

Have the link to the VOD?

Description

Time

  • Played on: Oct. 15, 2022, 3:35 p.m.
  • Length: 7:58

All games in this series

Show
View Real Time Build Order
Export as new Build Order

trigger Protoss 

Build Orders: 1 Gate Expand 

Get SALT Encoding   

  12  0:00  Probe  
  13  0:12  Probe  
  14  0:18  Pylon  
  14  0:24  Probe  
  14  0:27  Assimilator  
  15  0:36  Probe (Chrono Boost)  
  16  0:42  Gateway  
  16  0:47  Probe (Chrono Boost)  
  17  0:53  Probe  
  18  1:05  Probe  
  19  1:17  Probe  
  20  1:23  Nexus  
  20  1:31  Cybernetics Core  
  20  1:37  Assimilator  
  21  1:40  Probe (Chrono Boost)  
  21  1:46  Pylon  
  22  1:59  Pylon  
  23  2:11  Zealot (Chrono Boost)  
  20  2:35  Adept (Chrono Boost)  
  18  2:44  Probe  
  18  2:49  Probe  
  20  2:56  Probe  
  20  3:06  Probe  
  20  3:09  Adept (Chrono Boost)  
  20  3:10  Probe  
  24  3:18  Probe  
  25  3:22  Probe  
  26  3:30  Probe  
  27  3:34  Probe  
  28  3:42  Probe  
  28  3:47  Probe  
  30  3:53  Stargate  
  30  3:54  Probe  
  31  4:01  Probe (Chrono Boost)  
  31  4:02  Adept  
  34  4:06  Assimilator  
  34  4:07  Probe (Chrono Boost)  
  34  4:09  Pylon  
  35  4:16  Probe x2 (Chrono Boost)  
  37  4:21  Probe (Chrono Boost)  
  37  4:22  Pylon  
  38  4:30  Probe (Chrono Boost), Pylon  
  39  4:33  Probe (Chrono Boost)  
  40  4:43  Probe (Chrono Boost)  
  40  4:44  Oracle (Chrono Boost), Probe (Chrono Boost)  
  42  4:48  Probe (Chrono Boost)  
  42  4:51  Probe  
  47  4:59  Probe  
  48  5:03  Probe  
  49  5:11  Probe  
  50  5:15  Oracle  
  50  5:16  Probe  
  50  5:19  Nexus  
  54  5:21  Pylon  
  54  5:23  Probe, Assimilator  
  54  5:25  Warp Gate (Chrono Boost)  
  54  5:28  Probe  
  56  5:34  Assimilator  
  56  5:35  Probe  
  56  5:36  Pylon  
  56  5:40  Probe  
  58  5:44  Shield Battery  
  58  5:45  Pylon  
  58  5:49  Probe  
  59  5:53  Twilight Council  
  59  5:55  Probe  
  59  6:01  Probe  
  60  6:07  Probe  
  60  6:09  Gateway  
  61  6:11  Gateway  
  61  6:14  Shield Battery, Gateway, Probe (Chrono Boost)  
  62  6:19  Probe (Chrono Boost)  
  62  6:21  Forge  
  64  6:26  Probe (Chrono Boost)  
  64  6:30  Probe (Chrono Boost)  
  64  6:32  Probe (Chrono Boost)  
  66  6:34  Probe (Chrono Boost)  
  66  6:35  Probe (Chrono Boost)  
  66  6:39  Probe  
  68  6:45  Probe  
  68  6:46  Shield Battery, Probe  
  71  6:48  Pylon  
  71  6:52  Probe  
  71  6:53  Assimilator  
  72  6:57  Templar Archives  
  72  6:58  Assimilator  
  72  7:00  Pylon  
  73  7:08  Shield Battery  
  73  7:09  Stalker x3  
  73  7:14  Stalker  
  76  7:33  Zealot  
  76  7:34  Zealot  
  76  7:35  Zealot  
  72  7:44  Stalker  
Show
View Real Time Build Order
Export as new Build Order

Scarlett Zerg - Winner!

Build Orders: Pool First 

Get SALT Encoding   

  12  0:16  Spawning Pool  
  11  0:21  Drone  
  11  0:25  Drone  
  13  0:30  Drone  
  14  0:40  Overlord  
  14  1:03  Zergling x4  
  16  1:04  Zergling x2  
  17  1:15  Zergling x2  
  18  1:18  Hatchery  
  17  1:26  Zergling x2  
  18  1:37  Zergling x2  
  19  1:47  Queen  
  19  1:48  Zergling x2  
  22  2:00  Overlord  
  22  2:13  Zergling x2  
  21  2:27  Queen  
  21  2:28  Drone  
  20  2:38  Drone x2  
  20  2:41  Queen  
  20  2:42  Drone x2  
  26  2:55  Drone  
  26  2:56  Drone  
  29  2:58  Drone x3  
  29  3:01  Extractor  
  29  3:08  Drone x2  
  30  3:15  Queen  
  32  3:22  Overlord  
  32  3:23  Drone  
  32  3:26  Drone  
  32  3:27  Zergling x2, Drone  
  35  3:33  Overlord  
  36  3:41  Drone x4  
  38  3:51  Spore Crawler  
  38  3:53  Drone x3  
  40  4:00  Spore Crawler  
  40  4:02  Spore Crawler, Drone  
  39  4:07  Metabolic Boost  
  39  4:09  Drone  
  46  4:10  Drone x4  
  46  4:17  Overlord  
  46  4:26  Hatchery  
  46  4:28  Overlord  
  45  4:32  Drone x2  
  45  4:38  Drone x4  
  51  4:44  Extractor  
  51  4:45  Roach Warren  
  49  4:49  Zergling x6  
  49  4:52  Zergling x4  
  54  4:56  Zergling x2  
  54  4:57  Extractor  
  53  5:09  Drone x7  
  60  5:17  Lair  
  60  5:26  Drone  
  60  5:27  Drone x3  
  64  5:29  Queen  
  64  5:30  Spore Crawler  
  65  5:37  Zergling x2  
  65  5:42  Queen  
  68  5:44  Drone x2  
  68  5:45  Drone x4  
  68  5:48  Spore Crawler  
  73  5:53  Drone  
  72  5:57  Overlord  
  72  6:02  Drone x2  
  72  6:04  Overlord  
  73  6:05  Pneumatized Carapace  
  73  6:09  Overlord x2  
  73  6:10  Extractor  
  72  6:11  Extractor  
  72  6:12  Spore Crawler  
  72  6:14  Drone x3  
  73  6:22  Roach x5  
  83  6:27  Roach x3  
  90  6:34  Roach x4  
  101  6:40  Roach x3  
  101  6:46  Overlord x2  
  101  6:51  Zergling x8  
  105  7:02  Overlord  
  105  7:06  Zergling x16  
  105  7:07  Zergling x4  
  115  7:12  Zergling x2  
  115  7:14  Ravager x6  
  122  7:18  Overlord x2  
  115  7:34  Zergling x22  
  120  7:39  Overseer  
Tags
 
Add a new tag
Caveats
  • Supply blocks, unpowered buildings, or Contaminate may cause inaccurate times.
  • Supply counts are checked every 10 seconds.